[Event "Titled Tuesday Blitz April 11 Early 2023"]
[White "So, Wesley"]
[Black "Orlov, Georgi"]
[WhiteFideId "5202213"]
[BlackFideId "2011271"]
[WhiteElo "2749"]
[BlackElo "2630"]
[Result "1-0"]
[Round "11"]
[TimeControl "180+2"]
[Date "2023.04.11"]
[WhiteClock "0:00:30"]
[BlackClock "0:00:12"]

1. Nf3 Nf6 2. d4 e6 3. Bf4 c5 4. e3 Qb6 5. Na3 d5 6. Nb5 Na6 7. a4 c4 8. Ne5 Be7 9. Be2 O-O 10. O-O Nd7 11. b3 cxb3 12. c4 b2 13. Rb1 Nxe5 14. Bxe5 dxc4 15. Bxc4 Bd7 16. Rxb2 Nb4 17. Be2 Rac8 18. Qd2 a6 19. Nd6 Bxd6 20. Bxd6 Qxd6 21. Qxb4 Qxb4 22. Rxb4 Bc6 23. a5 Rfd8 24. Bf3 Bxf3 25. gxf3 Rd5 26. Ra1 Rc7 27. f4 f5 28. Kg2 Kf7 29. Kf3 Kf6 30. h4 Rcd7 31. h5 g6 32. Rb6 gxh5 33. Kg3 R5d6 34. Rb4 Rd5 35. Kh4 Rb5 36. Rxb5 axb5 37. Rb1 Rd5 38. Kxh5 Kg7 39. Kg5 h6+ 40. Kh5 Kh7 41. f3 Kg7 42. Rg1+ Kf7 43. Kxh6 b4 44. Rg7+ Kf6 45. Rxb7 Rxa5 46. e4 fxe4 47. fxe4 Ra3 48. Kh5 Re3 49. e5+ Kf5 50. Rf7+ Ke4 51. Kg5 b3 52. Rb7 Kxd4 53. Kf6 Rf3 54. Kxe6 Kc3 55. f5 b2 56. f6 Kc2 57. f7 b1=Q 58. Rxb1 Kxb1 59. Ke7 1-0


[Site "https://www.chess.com"]

[Event "Titled Tuesday Blitz April 11 Early 2023"]
[White "Grigoriants, Sergey"]
[Black "Bacallao Alonso, Yusnel"]
[WhiteFideId "4130804"]
[BlackFideId "3507416"]
[WhiteElo "2502"]
[BlackElo "2561"]
[Result "1/2-1/2"]
[Round "11"]
[TimeControl "180+2"]
[Date "2023.04.11"]
[WhiteClock "0:00:19"]
[BlackClock "0:00:05"]

1. d4 d5 2. c4 e6 3. Nc3 a6 4. c5 b6 5. cxb6 c5 6. dxc5 Bxc5 7. Na4 Bxb6 8. Nxb6 Qxb6 9. Nf3 Nf6 10. e3 O-O 11. Be2 a5 12. O-O Ba6 13. b3 Nbd7 14. Bb2 a4 15. Bd4 Qb7 16. Bxa6 Rxa6 17. Ne5 Rfa8 18. Nxd7 Nxd7 19. Rb1 axb3 20. Rxb3 Qc6 21. Qh5 Rxa2 22. h4 Qd6 23. Rb7 e5 24. Rxd7 Qxd7 25. Qxe5 f6 26. Qg3 R2a6 27. Rb1 Rc8 28. h5 Qf5 29. Rb8 Ra8 30. Rxa8 Rxa8 31. h6 g5 32. Qc7 Qb1+ 33. Kh2 Qg6 34. Qc6 Qxh6+ 35. Kg1 Rf8 36. Qxd5+ Kg7 37. e4 Qg6 38. e5 fxe5 39. Qxe5+ Kg8 40. Qd5+ Rf7 41. Qd8+ Rf8 42. Qd5+ Rf7 43. Qa8+ Rf8 44. Qd5+ 1/2-1/2


[Site "https://www.chess.com"]

[Event "Titled Tuesday Blitz April 11 Early 2023"]
[White "Dehtiarov, Roman"]
[Black "Demchenko, Anton"]
[WhiteFideId "14186640"]
[BlackFideId "4160258"]
[WhiteElo "2189"]
[BlackElo "2545"]
[Result "0-1"]
[Round "11"]
[TimeControl "180+2"]
[Date "2023.04.11"]
[WhiteClock "0:00:43"]
[BlackClock "0:00:31"]

1. d4 Nf6 2. c4 d6 3. Nc3 e5 4. dxe5 dxe5 5. Qxd8+ Kxd8 6. Bg5 Be6 7. Nf3 Nc6 8. O-O-O+ Kc8 9. Nd5 Nd7 10. e4 f6 11. Be3 a5 12. Nd2 a4 13. f3 Bc5 14. Bxc5 Nxc5 15. Kc2 Kb8 16. Nb1 Nd4+ 17. Kc1 c6 18. Ne3 Rd8 19. Nc3 Kc7 20. Ne2 a3 21. b4 Na4 22. Nxd4 exd4 23. Nc2 Nc3 24. Rxd4 Nxa2+ 25. Kb1 Nxb4 26. Rxd8 a2+ 27. Kb2 Kxd8 28. Na1 c5 29. Be2 Kc7 30. Rd1 b6 31. f4 g5 32. e5 gxf4 33. exf6 Rf8 34. Rf1 Rxf6 35. g3 Rh6 36. Rf2 fxg3 37. hxg3 Rh1 38. Bf1 Bxc4 39. Bxc4 Rb1+ 40. Ka3 Rxa1 41. Rf7+ Kd6 42. Rf6+ Ke5 43. Rxb6 Rb1 44. Bxa2 Nc2+ 0-1


[Site "https://www.chess.com"]

[Event "Titled Tuesday Blitz April 11 Early 2023"]
[White "Kuzubov, Yuriy"]
[Black "Averjanov, Alexey"]
[WhiteFideId "14112906"]
[BlackFideId "14109867"]
[WhiteElo "2496"]
[BlackElo "2732"]
[Result "0-1"]
[Round "11"]
[TimeControl "180+2"]
[Date "2023.04.11"]
[WhiteClock "0:00:05"]
[BlackClock "0:00:23"]

1. d4 d5 2. c4 dxc4 3. Nf3 Nf6 4. e3 e6 5. Bxc4 a6 6. O-O b5 7. Bd3 Bb7 8. a4 b4 9. Nbd2 Nbd7 10. b3 c5 11. Bb2 Be7 12. Qe2 O-O 13. Nc4 Qc7 14. Rac1 Rfd8 15. e4 cxd4 16. Bxd4 Rac8 17. Rc2 Nc5 18. Bxc5 Bxc5 19. Nce5 Qb6 20. Ng5 Rc7 21. Nc4 Qa7 22. e5 h6 23. Nxe6 fxe6 24. exf6 Bd5 25. Be4 gxf6 26. Bxd5 exd5 27. Qe6+ Kg7 28. Ne3 Bxe3 29. Rxc7+ Qxc7 30. Qxe3 d4 31. Qd3 Qc3 32. Qe2 Kf7 33. Re1 Qc7 34. Qd3 Kg7 35. h4 h5 36. Qf3 d3 0-1


[Site "https://www.chess.com"]

[Event "Titled Tuesday Blitz April 11 Early 2023"]
[White "Pakleza, Zbigniew"]
[Black "Vakhlamov, Igor L."]
[WhiteFideId "1119290"]
[BlackFideId "24126748"]
[WhiteElo "2410"]
[BlackElo "2400"]
[Result "1/2-1/2"]
[Round "11"]
[TimeControl "180+2"]
[Date "2023.04.11"]
[WhiteClock "0:01:02"]
[BlackClock "0:01:01"]

1. d4 d5 2. Bf4 Nf6 3. e3 Bf5 4. c4 e6 5. Nc3 Bb4 6. Qb3 Nc6 7. Nf3 O-O 8. Be2 dxc4 9. Bxc4 Nd5 10. Bxd5 exd5 11. O-O Bxc3 12. Qxc3 Rc8 13. Rac1 a6 14. Qc5 Re8 15. Rc3 Bg4 16. Nd2 h5 17. Rfc1 g5 18. Be5 Nxe5 19. dxe5 Rxe5 20. h3 Bf5 21. Qa5 c6 22. Qxd8+ Rxd8 23. Nf3 Re7 24. Nxg5 Be4 25. Rd1 f6 26. Nxe4 Rxe4 27. f3 Ree8 28. Kf2 Kf7 29. Rd4 1/2-1/2


[Site "https://www.chess.com"]

[Event "Titled Tuesday Blitz April 11 Early 2023"]
[White "Bharath Subramaniyam H"]
[Black "Souleidis, Georgios"]
[WhiteFideId "46634827"]
[BlackFideId "4206827"]
[WhiteElo "2395"]
[BlackElo "2401"]
[Result "1-0"]
[Round "11"]
[TimeControl "180+2"]
[Date "2023.04.11"]
[WhiteClock "0:00:11"]
[BlackClock "0:00:02"]

1. d4 Nf6 2. Nc3 d5 3. Bf4 g6 4. Nb5 Na6 5. e3 Bg7 6. Nf3 O-O 7. h3 c6 8. Nc3 Nc7 9. Bd3 Ne6 10. Be5 c5 11. O-O a6 12. a4 b6 13. Qb1 Bb7 14. b4 c4 15. Be2 Rc8 16. Nd2 Qd7 17. Rd1 Ng5 18. Bf4 Nge4 19. Ndxe4 Nxe4 20. Nxe4 dxe4 21. c3 Bd5 22. Bg4 e6 23. Be2 Qe7 24. Rf1 f5 25. Bh2 e5 26. dxe5 Bxe5 27. Bxe5 Qxe5 28. Rd1 f4 29. exf4 Rxf4 30. Qc1 Rcf8 31. Rf1 Be6 32. Qe3 Qg5 33. Rad1 b5 34. axb5 axb5 35. Rd6 Bc8 36. Rfd1 Qe7 37. f3 Qg5 38. R6d5 Qg3 39. Qf2 Qxf2+ 40. Kxf2 exf3 41. gxf3 Bb7 42. R5d4 R4f6 43. Rd6 Rf4 44. R1d4 R4f5 45. Rd8 Rxd8 46. Rxd8+ Kg7 47. Rd7+ Rf7 48. Rd6 Rf6 49. Rd4 Bc8 50. h4 Rf7 51. f4 Re7 52. Rd5 Bd7 53. Bf3 Be8 54. Re5 Kf6 55. Rxe7 Kxe7 56. Ke3 Kd6 57. Kd4 Bd7 58. Bd5 Be8 59. Bg8 h6 60. Bd5 Bd7 61. Bf7 Bf5 62. Be8 Bd3 63. Bxb5 Bf5 64. Bxc4 1-0


[Site "https://www.chess.com"]

[Event "Titled Tuesday Blitz April 11 Early 2023"]
[White "Jain Kashish Manoj"]
[Black "Asis Gargatagli, Hipolito"]
[WhiteFideId "35081098"]
[BlackFideId "2260735"]
[WhiteElo "2191"]
[BlackElo "2557"]
[Result "0-1"]
[Round "11"]
[TimeControl "180+2"]
[Date "2023.04.11"]
[WhiteClock "0:00:30"]
[BlackClock "0:01:54"]

1. e4 c5 2. Nf3 d6 3. d4 cxd4 4. Nxd4 Nf6 5. Nc3 a6 6. Be3 Ng4 7. Bc1 Nf6 8. Be3 e5 9. Nf3 Be7 10. Bc4 O-O 11. O-O Qc7 12. Qe2 Be6 13. Bb3 Nbd7 14. Bxe6 fxe6 15. Ng5 Rfc8 16. Nxe6 Qc4 17. Qxc4 Rxc4 18. Ng5 h6 19. Nf3 Nxe4 20. Nxe4 Rxe4 21. Nd2 Rg4 22. f3 Rg6 23. c4 b5 24. Rfd1 Nf6 25. Rac1 Bd8 26. b3 d5 27. cxd5 Nxd5 28. Bf2 Nf4 29. Rc5 Rxg2+ 30. Kf1 Rxf2+ 31. Kxf2 Nd3+ 0-1


[Site "https://www.chess.com"]

[Event "Titled Tuesday Blitz April 11 Early 2023"]
[White "Galchenko, Matvey"]
[Black "Krysa, Leandro"]
[WhiteFideId "24175480"]
[BlackFideId "116807"]
[WhiteElo "2423"]
[BlackElo "2489"]
[Result "0-1"]
[Round "11"]
[TimeControl "180+2"]
[Date "2023.04.11"]
[WhiteClock "0:01:02"]
[BlackClock "0:01:35"]

1. f4 c5 2. Nf3 Nc6 3. g3 g6 4. Bg2 Bg7 5. O-O d6 6. d3 e6 7. Nc3 Nge7 8. e4 O-O 9. h3 Rb8 10. a4 a6 11. g4 f5 12. Qe1 Qd7 13. Qh4 b5 14. axb5 axb5 15. Rf2 b4 16. Nd1 Bb7 17. Ne3 Rbe8 18. Nc4 Nd4 19. Nxd4 Bxd4 20. Be3 Nc6 21. exf5 exf5 22. Bxd4 cxd4 0-1


[Site "https://www.chess.com"]

[Event "Titled Tuesday Blitz April 11 Early 2023"]
[White "Kumala, Aleksander"]
[Black "Harsh Suresh"]
[WhiteFideId "1141880"]
[BlackFideId "45018464"]
[WhiteElo "2269"]
[BlackElo "2227"]
[Result "0-1"]
[Round "11"]
[TimeControl "180+2"]
[Date "2023.04.11"]
[WhiteClock "0:00:03"]
[BlackClock "0:00:10"]

1. d4 g6 2. e4 Nf6 3. e5 Nh5 4. Be2 d6 5. Bxh5 gxh5 6. Qxh5 dxe5 7. dxe5 Qd5 8. Nf3 Qe4+ 9. Be3 Qxc2 10. Nbd2 Qg6 11. Qh4 Qg4 12. Qxg4 Bxg4 13. Rc1 c6 14. h3 Bf5 15. Nd4 Bg6 16. e6 Bg7 17. exf7+ Kxf7 18. O-O Rd8 19. N2f3 h6 20. Rfd1 Na6 21. Bf4 Rd5 22. Ne2 Rad8 23. Rxd5 Rxd5 24. Nc3 Ra5 25. a3 Nc5 26. b4 Nd3 27. bxa5 Nxc1 28. Bxc1 Bxc3 29. Bxh6 Bxa5 30. Ne5+ Kf6 31. Nd7+ Kf5 32. g4+ Ke4 33. Nc5+ Kd5 34. Nxb7 Bb6 35. h4 c5 36. h5 Be4 37. Bf4 Kc6 38. g5 Kxb7 39. g6 Bc7 40. Bg5 Bd6 41. f3 Bf5 42. Kf2 Kc6 43. Ke3 Kd5 44. g7 Bh7 45. f4 c4 46. h6 Bxa3 47. Kd2 Bb4+ 48. Kc1 a5 49. f5 a4 50. f6 exf6 51. Bxf6 c3 52. Kd1 Kc4 53. Ke2 a3 54. Ke3 a2 55. Kf4 a1=Q 56. Ke5 c2+ 57. Ke6 Bg8+ 58. Kd7 Qxf6 59. h7 Qd6+ 60. Ke8 Qe7# 0-1


[Site "https://www.chess.com"]

[Event "Titled Tuesday Blitz April 11 Early 2023"]
[White "Bacrot, Etienne"]
[Black "Kaidanov, Gregory"]
[WhiteFideId "605506"]
[BlackFideId "2008564"]
[WhiteElo "2663"]
[BlackElo "2547"]
[Result "1-0"]
[Round "11"]
[TimeControl "180+2"]
[Date "2023.04.11"]
[WhiteClock "0:00:07"]
[BlackClock "0:00:30"]

1. e4 e5 2. Nf3 Nc6 3. Bb5 a6 4. Ba4 Nf6 5. O-O b5 6. Bb3 Bb7 7. d3 Be7 8. Nc3 O-O 9. a4 b4 10. Nd5 Na5 11. Nxe7+ Qxe7 12. Ba2 d5 13. exd5 Bxd5 14. Bxd5 Nxd5 15. Re1 f6 16. c4 bxc3 17. bxc3 c5 18. Qc2 Kh8 19. Rb1 Rfc8 20. Bd2 Qc7 21. h4 Re8 22. h5 Rab8 23. h6 g6 24. Qa2 Rxb1 25. Rxb1 c4 26. dxc4 Nxc4 27. Be1 Kg8 28. Rd1 Qc6 29. Qb3 Kf7 30. Nd2 Na5 31. Qa2 Re6 32. Ne4 Nc4 33. Qe2 Re7 34. Qxc4 Qxc4 35. Nd6+ Ke6 36. Nxc4 Rc7 37. Ne3 Nxc3 38. Bxc3 Rxc3 39. Rb1 Rc6 40. Rb7 f5 41. Rxh7 Kf6 42. Ra7 Kg5 43. h7 Rc8 44. Rxa6 Rh8 45. Ra7 f4 46. Nd5 e4 47. a5 f3 48. gxf3 exf3 49. a6 Kg4 50. Re7 Kh3 51. a7 Rc8 52. Nf4+ Kg4 53. Nxg6 Rc1+ 54. Kh2 Rc5 55. Ne5+ Kf4 56. Nxf3 Rh5+ 57. Kg2 Rh6 58. h8=Q Rg6+ 59. Kf1 Kf5 60. Nh4+ Kg4 61. Qh5+ Kxh5 62. Nxg6 Kg5 63. Rb7 Kf6 64. Nf4 Kg5 65. Ne2 Kg4 66. Ng1 Kf4 67. a8=Q Ke5 68. Qa6 Kd4 69. Rb4+ Kc3 70. Qa3+ Kc2 71. Rb2+ 1-0


[Site "https://www.chess.com"]

[Event "Titled Tuesday Blitz April 11 Early 2023"]
[White "Gabrielian, Artur"]
[Black "Vakhidov, Shahzod"]
[WhiteFideId "4131002"]
[BlackFideId "14205270"]
[WhiteElo "2432"]
[BlackElo "2212"]
[Result "1-0"]
[Round "11"]
[TimeControl "180+2"]
[Date "2023.04.11"]
[WhiteClock "0:00:14"]
[BlackClock "0:00:04"]

1. e4 c5 2. Nf3 g6 3. d4 cxd4 4. Nxd4 Bg7 5. c4 Nc6 6. Be3 Nf6 7. Nc3 O-O 8. Be2 d6 9. O-O Bd7 10. Qd2 Nxd4 11. Bxd4 Bc6 12. f3 a5 13. b3 Nd7 14. Bf2 Nc5 15. Rab1 e6 16. Rfd1 Be5 17. Nb5 Bxb5 18. cxb5 Qf6 19. g3 b6 20. Qe3 Qe7 21. Rd2 f5 22. exf5 Rxf5 23. Rbd1 Raf8 24. f4 d5 25. Bg4 Bxf4 26. gxf4 Rxf4 27. Bxe6+ Nxe6 28. Bg3 Re4 29. Qxb6 Ng5 30. Kh1 Re2 31. Qd4 Nf3 32. Qxd5+ Kg7 33. Rxe2 Qxe2 34. Qd3 Qxa2 35. b6 h5 36. b7 h4 37. b8=Q hxg3 38. Qxg3 1-0


[Site "https://www.chess.com"]

[Event "Titled Tuesday Blitz April 11 Early 2023"]
[White "Goltsev, Dmitry"]
[Black "Ratnakaran, K."]
[WhiteFideId "24176710"]
[BlackFideId "5005507"]
[WhiteElo "2336"]
[BlackElo "2345"]
[Result "1-0"]
[Round "11"]
[TimeControl "180+2"]
[Date "2023.04.11"]
[WhiteClock "0:00:46"]
[BlackClock "0:01:43"]

1. e4 e6 2. d4 d5 3. exd5 exd5 4. Nf3 Nf6 5. c4 Bd6 6. Nc3 c6 7. Bd3 O-O 8. O-O dxc4 9. Bxc4 Nbd7 10. Bg5 h6 11. Bh4 Nb6 12. Bb3 Bg4 13. h3 Bh5 14. Qd3 Kh8 15. Rfe1 g5 16. Bg3 Bg6 17. Qf1 Bxg3 18. fxg3 Nh5 19. Qf2 Qd6 20. Ne5 Kg7 21. Rad1 Rad8 22. Rd2 c5 23. Nb5 Qf6 24. dxc5 Rxd2 25. Qxd2 Nxg3 26. cxb6 Qxb6+ 27. Qd4 Qxd4+ 28. Nxd4 Nh5 29. Nxg6 Kxg6 30. Nf3 f6 31. Rc1 Nf4 32. Rc7 Rd8 33. Bc2+ f5 34. Rxb7 g4 35. hxg4 Kf6 36. Bxf5 h5 37. Rxa7 hxg4 38. Bxg4 Rg8 39. Ra6+ Ke7 40. Ne5 Rg5 41. Ra5 Rg8 42. Bf3 Rc8 43. Nc6+ Kd6 44. Rf5 Nd3 45. Rf6+ Kc5 46. b4+ Kc4 47. Be2 1-0


[Site "https://www.chess.com"]

[Event "Titled Tuesday Blitz April 11 Early 2023"]
[White "Srihari L R"]
[Black "Rosen, Eric"]
[WhiteFideId "46617116"]
[BlackFideId "2032562"]
[WhiteElo "2334"]
[BlackElo "2331"]
[Result "1-0"]
[Round "11"]
[TimeControl "180+2"]
[Date "2023.04.11"]
[WhiteClock "0:00:19"]
[BlackClock "0:00:01"]

1. Nf3 d5 2. g3 Nf6 3. Bg2 e6 4. O-O Be7 5. d4 b5 6. a4 b4 7. Ne5 O-O 8. c4 bxc3 9. Nxc3 Nfd7 10. Nd3 Bb7 11. e4 dxe4 12. Nxe4 Bd5 13. Nf4 c6 14. Re1 a5 15. Bf1 Na6 16. Nc3 Nb4 17. Ncxd5 cxd5 18. Bd2 Qb6 19. Bb5 Rfd8 20. Bc3 Nf6 21. f3 Bd6 22. Nd3 Nxd3 23. Qxd3 e5 24. Kg2 e4 25. fxe4 dxe4 26. Qe2 Qb7 27. d5 Qxd5 28. Bxf6 gxf6 29. Qxe4 Qxe4+ 30. Rxe4 Be5 31. Re2 Rd4 32. Rc1 Rb4 33. Rcc2 Rd8 34. Kh3 Rd1 35. Bc4 Rxa4 36. Bb3 Rb4 37. Rc8+ Kg7 38. Bxd1 Bxb2 39. Ree8 a4 40. Rg8+ Kh6 41. Rb8 Rxb8 42. Rxb8 a3 43. Bb3 Kg6 44. Rb7 1-0


[Site "https://www.chess.com"]

[Event "Titled Tuesday Blitz April 11 Early 2023"]
[White "Ioannidis, Evgenios"]
[Black "Kucuksari, Kaan"]
[WhiteFideId "4229274"]
[BlackFideId "6380166"]
[WhiteElo "2386"]
[BlackElo "2364"]
[Result "0-1"]
[Round "11"]
[TimeControl "180+2"]
[Date "2023.04.11"]
[WhiteClock "0:00:03"]
[BlackClock "0:00:31"]

1. d4 Nf6 2. c4 b6 3. Nf3 Bb7 4. a3 e6 5. Nc3 d5 6. Qc2 Nbd7 7. cxd5 exd5 8. Bf4 c6 9. e3 Be7 10. Bd3 Nh5 11. Be5 Nxe5 12. Nxe5 Nf6 13. O-O O-O 14. f4 c5 15. Qf2 cxd4 16. exd4 Ne4 17. Bxe4 dxe4 18. Rfe1 f6 19. Ng4 f5 20. Ne5 Bh4 21. g3 Bf6 22. Rad1 Qe7 23. Qc2 Rad8 24. Qb3+ Kh8 25. Qb4 Qe8 26. Nb5 Qh5 27. Nc7 Bxe5 28. fxe5 f4 29. Rf1 e3 30. Ne6 Bd5 31. Nxd8 Rxd8 32. Qe7 Rg8 33. Qd6 fxg3 0-1


[Site "https://www.chess.com"]

[Event "Titled Tuesday Blitz April 11 Early 2023"]
[White "Yuan, Qingyu"]
[Black "Filgueira, Hernan"]
[WhiteFideId "8609772"]
[BlackFideId "101770"]
[WhiteElo "2359"]
[BlackElo "2363"]
[Result "1-0"]
[Round "11"]
[TimeControl "180+2"]
[Date "2023.04.11"]
[WhiteClock "0:00:12"]
[BlackClock "0:00:44"]

1. e4 d6 2. d4 Nf6 3. Nc3 g6 4. f4 Bg7 5. Nf3 c5 6. dxc5 Qa5 7. Qe2 Qxc5 8. Qb5+ Qxb5 9. Bxb5+ Nc6 10. e5 dxe5 11. Nxe5 Bd7 12. Nxd7 Nxd7 13. Ne4 Nd4 14. Bd3 O-O 15. c3 Nc6 16. Be3 Rfc8 17. Rd1 Nf6 18. Nxf6+ Bxf6 19. Be4 Rab8 20. Rd7 a6 21. Bb6 e6 22. Bc7 Ra8 23. Ke2 Bd8 24. Bxd8 Nxd8 25. Rhd1 Rab8 26. Re7 Nc6 27. Bxc6 bxc6 28. b3 Rb5 29. g4 h5 30. h3 hxg4 31. hxg4 g5 32. Rdd7 Rf8 33. Ke3 gxf4+ 34. Kxf4 Ra5 35. a4 Rc5 36. c4 a5 37. Rb7 Kg7 38. Rxe6 Rd8 39. Re5 Rd4+ 40. Re4 Rxe4+ 41. Kxe4 Rg5 42. Kf4 Rg6 43. Ra7 Rd6 44. Rxa5 Rd3 45. Rc5 Rxb3 46. Rxc6 Rb4 47. a5 Ra4 48. a6 1-0


[Site "https://www.chess.com"]

[Event "Titled Tuesday Blitz April 11 Early 2023"]
[White "Csonka, Balazs"]
[Black "MKlose11"]
[WhiteFideId "742910"]
[WhiteElo "2404"]
[BlackElo "2592"]
[Result "0-1"]
[Round "11"]
[TimeControl "180+2"]
[Date "2023.04.11"]
[WhiteClock "0:00:04"]
[BlackClock "0:00:45"]

1. e4 e6 2. d4 d5 3. e5 c5 4. c3 Nc6 5. Nf3 Qb6 6. Be2 Bd7 7. O-O Rc8 8. dxc5 Bxc5 9. b4 Bf8 10. Bd3 f6 11. b5 Nxe5 12. Nxe5 fxe5 13. Qh5+ Kd8 14. Qxe5 Nf6 15. Bg5 Bd6 16. Qe2 Kc7 17. a4 Kb8 18. a5 Qc7 19. h3 e5 20. b6 Qc6 21. a6 Qxb6 22. axb7 Rc7 23. Ra6 Qc5 24. Be3 d4 25. cxd4 exd4 26. Bd2 Bc6 27. Rc1 Qd5 28. f3 Bxb7 29. Rxc7 Bxc7 30. Ra1 Re8 31. Qf2 Qe5 32. f4 Qd5 33. Na3 Ne4 34. Bxe4 Qxe4 35. Re1 Qg6 36. Rxe8+ Qxe8 37. Nc2 d3 38. Nd4 Bb6 39. Be3 Qe4 40. f5 Ka8 41. Kh1 a5 42. f6 gxf6 43. Qxf6 Qxg2# 0-1


[Site "https://www.chess.com"]

[Event "Titled Tuesday Blitz April 11 Early 2023"]
[White "Kosteniuk, Alexandra"]
[Black "Shevtchenko, Olesya"]
[WhiteFideId "4128125"]
[BlackFideId "24131890"]
[WhiteElo "2453"]
[BlackElo "2003"]
[Result "0-1"]
[Round "11"]
[TimeControl "180+2"]
[Date "2023.04.11"]
[WhiteClock "0:00:03"]
[BlackClock "0:00:05"]

1. b3 e5 2. Bb2 Nc6 3. c4 g6 4. Nc3 Bg7 5. e3 Nge7 6. h4 h6 7. h5 g5 8. Nd5 Nxd5 9. cxd5 Ne7 10. e4 d6 11. d4 exd4 12. Bxd4 O-O 13. Bxg7 Kxg7 14. Nf3 f6 15. Bc4 Bg4 16. Qd4 Qe8 17. Nd2 Bxh5 18. f3 Nf5 19. Qc3 Nh4 20. g4 Bg6 21. Kf2 Qe5 22. Qxe5 fxe5 23. Kg3 Rf7 24. Be2 Raf8 25. Rac1 Re7 26. Rc3 Rff7 27. b4 Bh7 28. Rxh4 gxh4+ 29. Kxh4 Kf8 30. Nf1 Bg6 31. Ng3 Ke8 32. a4 Kd8 33. a5 Rf4 34. Kh3 h5 35. g5 Rg7 36. Bd1 Be8 37. Ne2 Bd7+ 38. Kh2 Rh4+ 39. Kg3 Rh3+ 40. Kf2 Rh2+ 41. Kg1 Rh3 42. f4 Rxc3 43. Nxc3 exf4 44. Kh2 Rxg5 45. Bf3 Rg3 0-1


[Site "https://www.chess.com"]

[Event "Titled Tuesday Blitz April 11 Early 2023"]
[White "Zhu, Jiner"]
[Black "Odegov, Artem"]
[WhiteFideId "8608059"]
[BlackFideId "34183644"]
[WhiteElo "2384"]
[BlackElo "2300"]
[Result "1-0"]
[Round "11"]
[TimeControl "180+2"]
[Date "2023.04.11"]
[WhiteClock "0:02:26"]
[BlackClock "0:02:16"]

1. e4 c5 2. Nf3 e6 3. d4 cxd4 4. Nxd4 Nf6 5. Nc3 Nc6 6. Nxc6 bxc6 7. e5 Nd5 8. Ne4 Qc7 9. f4 Rb8 10. a3 f5 11. exf6 Nxf6 12. Nxf6+ gxf6 13. Qh5+ Kd8 14. Bd3 Qb6 15. Bd2 Be7 16. Ba5 1-0


[Site "https://www.chess.com"]

[Event "Titled Tuesday Blitz April 11 Early 2023"]
[White "Vysochin, Spartak"]
[Black "Cori T., Deysi"]
[WhiteFideId "14103516"]
[BlackFideId "3801934"]
[WhiteElo "2367"]
[BlackElo "2292"]
[Result "0-1"]
[Round "11"]
[TimeControl "180+2"]
[Date "2023.04.11"]
[WhiteClock "0:00:05"]
[BlackClock "0:00:05"]

1. e4 e6 2. d4 d5 3. exd5 exd5 4. Nf3 Bd6 5. c4 c6 6. Nc3 Ne7 7. Bd3 O-O 8. O-O dxc4 9. Bxc4 Bg4 10. h3 Bh5 11. g4 Bg6 12. Ne5 c5 13. Bf4 Nbc6 14. Nb5 Bb8 15. Nxc6 bxc6 16. Bxb8 Rxb8 17. Na3 cxd4 18. Qd2 Qb6 19. Bb3 Rfd8 20. Rac1 Nd5 21. Nc4 Qb4 22. Rfd1 Qxd2 23. Rxd2 Nf4 24. Ne5 Re8 25. Nxc6 Ra8 26. Nxd4 Rad8 27. Kh2 Nd3 28. Rc4 Ne5 29. Ra4 Be4 30. f4 Nc6 31. Kg3 h5 32. gxh5 Rd6 33. Ra6 Red8 34. Nxc6 Rxd2 35. Rxa7 Bxc6 36. Rxf7 Kh8 37. h6 gxh6 38. Rf6 Be4 39. Rxh6+ Kg7 40. Rb6 Rg2+ 41. Kh4 Rh8+ 0-1


[Site "https://www.chess.com"]

[Event "Titled Tuesday Blitz April 11 Early 2023"]
[White "Bilan, Danila"]
[Black "Tan, Zhongyi"]
[WhiteFideId "24161918"]
[BlackFideId "8603642"]
[WhiteElo "2182"]
[BlackElo "2519"]
[Result "0-1"]
[Round "11"]
[TimeControl "180+2"]
[Date "2023.04.11"]
[WhiteClock "0:00:03"]
[BlackClock "0:01:07"]

1. d4 d5 2. Nf3 Nf6 3. c4 e6 4. Nc3 Be7 5. Bf4 O-O 6. e3 c5 7. cxd5 Nxd5 8. Nxd5 exd5 9. Bd3 c4 10. Bc2 Qa5+ 11. Nd2 Bb4 12. a3 c3 13. axb4 cxd2+ 14. Ke2 Qxb4 15. Qxd2 Qe7 16. Rhc1 Bd7 17. Qd3 g6 18. Qa3 Bb5+ 19. Bd3 Bxd3+ 20. Qxd3 Nc6 21. Rc5 Nb4 22. Qb3 Nc6 23. Kf1 Rac8 24. Qxd5 Rfd8 25. Qf3 Nb4 26. Rac1 Rxc5 27. Rxc5 Nd3 28. Rc3 Nxb2 29. g3 b5 30. Rc7 Qe6 31. Bg5 Rf8 32. Kg2 Nd3 0-1


[Site "https://www.chess.com"]

[Event "Titled Tuesday Blitz April 11 Early 2023"]
[White "Ingebretsen, Jens E"]
[Black "Francisco Guecamburu, Candela Be"]
[WhiteFideId "1522965"]
[BlackFideId "160911"]
[WhiteElo "2213"]
[BlackElo "2326"]
[Result "0-1"]
[Round "11"]
[TimeControl "180+2"]
[Date "2023.04.11"]
[WhiteClock "0:01:41"]
[BlackClock "0:00:08"]

1. d4 Nf6 2. Nf3 d5 3. c4 e6 4. Nc3 c6 5. Bf4 Be7 6. e3 Nh5 7. Bg3 Nxg3 8. hxg3 Nd7 9. Bd3 Nf6 10. Qc2 h6 11. e4 dxe4 12. Nxe4 Bb4+ 13. Nc3 Qa5 14. a3 O-O 15. O-O-O Bxc3 16. Qxc3 Qxc3+ 17. bxc3 c5 18. Ne5 cxd4 19. cxd4 Nd7 20. Nf3 b6 21. g4 Bb7 22. g5 Bxf3 23. gxf3 Rfc8 24. gxh6 g6 25. Kb2 Kh7 26. Kb3 Rc7 27. f4 Rac8 28. Rde1 Nf6 29. Re5 Ng4 30. Re2 Nxh6 31. f3 Kg7 32. Reh2 Nf5 33. Rh7+ Kf6 34. Bxf5 Kxf5 35. c5 bxc5 36. dxc5 Kxf4 37. c6 Kf5 38. Rc1 Kf6 39. Rc4 e5 40. f4 exf4 41. Rxf4+ Ke6 42. Rg7 Rb8+ 43. Ka4 Rb6 44. Ka5 Rbxc6 45. a4 Rb6 46. Rb4 Rxb4 47. Kxb4 Kf6 48. Rg8 g5 49. a5 Kf5 50. a6 g4 51. Rb8 Rc6 52. Kb5 Rf6 53. Rb7 g3 54. Rb8 g2 55. Rg8 Rg6 56. Rf8 g1=Q 57. Rxf7+ Ke6 58. Rf8 Rg5+ 59. Kc6 Qb6# 0-1


[Site "https://www.chess.com"]

[Event "Titled Tuesday Blitz April 11 Early 2023"]
[White "Yelisieiev, Yevhenii"]
[Black "EREBUNI91"]
[WhiteFideId "14139642"]
[WhiteElo "2425"]
[BlackElo "2672"]
[Result "1/2-1/2"]
[Round "11"]
[TimeControl "180+2"]
[Date "2023.04.11"]
[WhiteClock "0:00:39"]
[BlackClock "0:01:06"]

1. d4 Nf6 2. Nf3 e6 3. c4 d5 4. g3 Be7 5. Bg2 O-O 6. O-O dxc4 7. Nbd2 Bd7 8. Nxc4 Bc6 9. Nce5 Nfd7 10. Nxc6 Nxc6 11. a3 Nf6 12. b4 a5 13. b5 Na7 14. a4 c6 15. Ne5 Nd5 16. bxc6 Nxc6 17. Nxc6 bxc6 18. Ba3 Nb4 19. Rc1 Rc8 20. Bxb4 Bxb4 21. Bxc6 Qd6 22. Bf3 Rxc1 23. Qxc1 Qxd4 24. Rd1 Qf6 25. Qc6 g6 26. h4 h5 27. Kg2 Kg7 28. Rd7 Rd8 29. Qc7 Rxd7 30. Qxd7 Qa1 31. Bc6 Qe1 32. Qd4+ Kg8 33. Qd8+ Bf8 34. Be8 Qxe2 35. Qf6 Qe4+ 36. Qf3 Qxf3+ 37. Kxf3 Bc5 38. Bb5 f6 39. g4 Kf7 40. gxh5 gxh5 41. Be2 Kg6 42. Kg3 Bd6+ 43. Kf3 f5 44. Kg2 e5 45. Bb5 Bc5 46. Be8+ Kh6 47. Kf3 Be7 48. Bd7 Bxh4 49. Bxf5 Be7 50. Be4 Kg5 51. Kg3 Bc5 52. f3 Bb4 53. Kh3 Be1 54. Bc6 Kf4 55. Bb7 Ke3 56. Ba8 Kd4 57. Be4 Kc4 58. Bc6 Kc5 59. Bb5 Kd4 60. Bc6 h4 61. Kg4 Bg3 62. Bb5 Ke3 63. Bc6 Kf2 64. Kh3 Ke3 65. Be4 Kf4 66. Ba8 Ke3 1/2-1/2


[Site "https://www.chess.com"]